 Dungeon Crawl Stone Soup version 0.31-a0-523-g071a6c1ffa (webtiles) character file.

Game seed: 10061583230784273915

5 GordonOverkill the Sneak (level 1, 0/11 HPs)
             Began as a Vine Stalker Delver on Aug 10, 2023.
             Slain by an ufetubus (3 damage)
             ... on level 5 of the Dungeon.
             The game lasted 00:01:00 (257 turns).

GordonOverkill the Sneak (Vine Stalker Delver)       Turns: 257, Time: 00:01:01

Health: 0/11       AC:  3    Str: 14    XL:     1   Next: 80%
Magic:  0/2        EV: 11    Int: 10    God:
Gold:   0          SH:  0    Dex: 15    Spells: 0/0 levels left

rFire   . . .        a - +0 mace
rCold   . . .        (no shield)
rNeg    . . .        b - +0 leather armour
rPois   .            (no helmet)
rElec   .            (no cloak)
rCorr   .            (no gloves)
SInv    .            (no boots)
Will    .....        (no amulet)
Stlth   +++          (no ring)
HPRegen 0.21/turn    (no ring)
MPRegen 0.08/turn

%: guardian spirit
@: no status effects
A: fangs 2, magic shield, antimagic bite, no potion heal 2
a: no special abilities


You were on level 5 of the Dungeon.
You visited 1 branch of the dungeon, and saw 4 of its levels.

Inventory:

Hand Weapons
 a - a +0 mace (weapon)
Armour
 b - a +0 leather armour (worn)
 h - a +0 ring mail
Wands
 g - a wand of digging (3)
Scrolls
 c - a scroll of fog
 d - a scroll of revelation
 e - a scroll of fear
 i - a scroll of amnesia {unknown}
Potions
 f - a potion of haste


   Skills:
 - Level 2.6 Fighting
 + Level 2.2 Maces & Flails
 - Level 1.5 Dodging
 - Level 6.0 Stealth


You couldn't memorise any spells.
You didn't know any spells.
Your spell library was empty.

Dungeon Overview and Level Annotations

Branches:
Dungeon (7/15)
 Temple: D:4-7

Altars:
Fedhas
Sif Muna

Annotations:
D:6 Pikel


Innate Abilities, Weirdness & Mutations

You have extremely sharp teeth.
When hurt, damage is shared between your health and your magic reserves.
Your bite disrupts and absorbs the magic of your enemies.
Potions cannot restore your health.


Message History

There is a stone staircase leading up here.
Found a mace.
You open the door.
There is an open door here.
Found a scroll labelled GEUS RYNYUPRI.
Found a stone staircase leading up.
Found 4 stones.
i - a scroll labelled GEUS RYNYUPRI You see here 4 stones.
An orc comes into view. It is wielding a +0 whip.
An orc is nearby!
An ufetubus comes into view.
The ufetubus shouts!
The ufetubus barely misses you.
The ufetubus hits you but does no damage.
The ufetubus hits you. x2
* * * LOW HITPOINT WARNING * * *
You are too injured to fight recklessly!
You are too injured to fight recklessly!
You hit the ufetubus.
The ufetubus is lightly wounded.
The ufetubus misses you.
The ufetubus hits you but does no damage. x2
The ufetubus barely misses you.
You closely miss the ufetubus.
You bite the ufetubus, but do no damage.
The ufetubus is lightly wounded.
The ufetubus misses you.
The ufetubus hits you but does no damage. x2
The ufetubus misses you.
You closely miss the ufetubus.
The ufetubus is lightly wounded.
The ufetubus misses you. The ufetubus hits you.
* * * LOW HITPOINT WARNING * * *
The ufetubus closely misses you. The ufetubus hits you.
* * * LOW HITPOINT WARNING * * *
You hit the ufetubus.
The ufetubus is almost dead.
The ufetubus closely misses you. The ufetubus hits you.
You die...

### ##.###.# ....
......# ..#
#.###.############ #.#
#.##......@5......
##.####.....########.#.#
............#
........#...########
.......<...(.......#
........#...########
........#...#
........#...#
.#..#...#...#


You could see an ufetubus.

Vanquished Creatures
  An ufetubus (D:4)
1 creature vanquished.

Notes
Turn   | Place    | Note
-------+----------+-------------------------------------------
     0 | D:5      | GordonOverkill the Vine Stalker Delver began the quest for
                  | the Orb.
     0 | D:5      | Reached XP level 1. HP: 11/11 MP: 2/2
    15 | D:6      | Noticed a jelly
    28 | D:6      | Noticed a hound
    33 | D:7      | Noticed a killer bee
    42 | D:6      | Found a blossoming altar of Fedhas.
    54 | D:6      | Found a shimmering blue altar of Sif Muna.
    77 | D:6      | Noticed a sleepcap
    81 | D:6      | Noticed an iguana
   136 | D:6      | Noticed Pikel
   136 | D:6      | Noticed a lemure
   136 | D:6      | Noticed a jelly
   257 | D:5      | Slain by an ufetubus

Illustrated notes

Levels and vault maps discovered:
D:4:      layout_loops_corners, minmay_temple_entry_junction
D:5:      layout_basic, tso_altar, mainiacjoe_overflow_six_doors_small
D:6:      cheibrodos_barr_body, layout_gridville, kennysheep_mini_moat,
          mainiacjoe_overflow_concentric_impassable,
          nicolae_overflow_crystal_walls, serial_shops,
          nicolae_shop_tiny_real_fake_doors, uniq_pikel, uniq_duvessa
D:7:      layout_rooms, nicolae_dithmenos_the_darkroom, minmay_microvault

Skill      XL: |  1 |
---------------+----+-----
Maces & Flails | 2 |  2.2
Fighting       | |  2.6
Dodging        | |  1.5
Stealth        | |  6.0

Action                     || total
---------------------------++-------
  Melee: Mace              ||     9
         Bite              ||     2
 Armour: Leather armour    ||     9
  Dodge: Dodged            ||    21

Table legend: (Time is in decaauts)
 A = Elapsed time spent in this place.
 B = Non-inter-level travel time spent in this place.
 C = Inter-level travel time spent in this place.
 D = Time resting spent in this place.
 E = Time spent auto-exploring this place.
 F = Levels seen in this place.
 G = Mean time per level.
                   A        B        C        D        E       F      G
               +--------+--------+--------+--------+--------+-----+--------+
         Total |    259 |    259 |      0 |     17 |      0 |   4 |   64.8 |
       Dungeon |    259 |    259 |      0 |     17 |      0 |   4 |   64.8 |
               +--------+--------+--------+--------+--------+-----+--------+

Top non-repeatable levels by time:
     D:6: 139 daAuts
     D:5: 77 daAuts
     D:4: 35 daAuts
     D:7: 7 daAuts
